 Dungeon Crawl Stone Soup version 0.21.1 (webtiles) character file.

11 JeffiDaFish the Sneak (level 2, -1/13 HPs)
             Began as a Spriggan Venom Mage on Feb 4, 2018.
             Slain by a hobgoblin (2 damage)
             ... on level 1 of the Dungeon.
             The game lasted 00:02:37 (306 turns).

JeffiDaFish the Sneak (Spriggan Venom Mage)          Turns: 306, Time: 00:02:37

Health: -1/13      AC:  2    Str:  4    XL:     2   Next: 17%
Magic:  0/6        EV: 18    Int: 16    God:
Gold:   12         SH:  0    Dex: 16    Spells: 3/6 levels left

rFire    . . .     SeeInvis +   d - +0 dagger
rCold    . . .     Gourm    .   (shield restricted)
rNeg     . . .     Faith    .   a - +0 robe
rPois    .         Spirit   .   (helmet restricted)
rElec    .         Reflect  .   (no cloak)
rCorr    .         Harm     .   (gloves unavailable)
MR       .....                  (boots unavailable)
Stlth    ++........             (no amulet)
HPRegen  0.04/turn              (no ring)
MPRegen  0.10/turn              (no ring)

@: very slightly contaminated, very quick
A: very small, unfitting armour, see invisible, herbivore, speed 3, slow
metabolism 2
a: no special abilities


You were on level 1 of the Dungeon.
You were not hungry.

You visited 1 branch of the dungeon, and saw 1 of its levels.

You collected 12 gold pieces.

Inventory:

Hand Weapons
 d - a +0 dagger (weapon)
 e - a +0 short sword of speed
Armour
 a - a +0 robe (worn)
Scrolls
 f - a scroll of blinking
Books
 b - a Young Poisoner's Handbook

   Spells                             Type                      Level
   a - Sting                          Conjuration/Poison           1
   b - Poisonous Vapours              Poison/Air                   2
   c - Mephitic Cloud                 Conjuration/Poison/Air       3
   d - Olgreb's Toxic Radiance        Poison                       4
   e - Venom Bolt                     Conjuration/Poison           5
Comestibles
 c - a ration


   Skills:
 - Level 0.2 Short Blades
 * Level 3.2 Dodging
 + Level 3.2 Stealth
 * Level 2.9 Spellcasting
 + Level 0.6 Conjurations
 + Level 0.1 Air Magic
 + Level 3.2 Poison Magic


You had 3 spell levels left.
You knew the following spells:

 Your Spells              Type           Power        Failure   Level  Hunger
a - Sting                 Conj/Pois      #...         9%          1    #......
b - Poisonous Vapours     Pois/Air       #.....       14%         2    ##.....


Dungeon Overview and Level Annotations

Branches:
Dungeon (1/15)

Altars:


Innate Abilities, Weirdness & Mutations

You are very small and have problems with some larger weapons.
You are too small for most types of armour.
You have supernaturally acute eyesight. (SInv)
You are a herbivore.
You cover ground extremely quickly.
You need consume almost no food.


Message History

Casting: Poisonous Vapours
Confirm with . or Enter, or press ? or * to list all spells.
You don't have enough magic to cast that spell.
You hit the bat.
The bat is heavily wounded.
The bat closely misses you. The bat misses you. The hobgoblin hits you.
You are too injured to fight recklessly!
You are too injured to fight recklessly!
You are too injured to fight recklessly!
You are too injured to fight recklessly!
You are too injured to fight recklessly!
You closely miss the hobgoblin. The bat completely misses you.
The hobgoblin hits you.
* * * LOW HITPOINT WARNING * * *
You hit the hobgoblin.
The hobgoblin is moderately wounded.
The bat hits you.
* * * LOW HITPOINT WARNING * * *
The hobgoblin hits you.
You die...

................... ..
####.............. ....
#...#)......#.##.. ....#
#...#.......#.##..
......#.........#.#.#...
......#...#.#...#.#.#...
..........#.....#.#.#...
......#.†.####..........
.......@........#.......
.......)g...............
##.....b........#.......
##.#...........+.......
#............. ....#..
####.###..... ...#.. #..
..... #.. ### ... ##. #.


You could see a hobgoblin and a bat.

Vanquished Creatures
  2 goblins (D:1)
  3 hobgoblins (D:1)
  2 kobolds (D:1)
  2 bats (D:1)
  A rat (D:1)
10 creatures vanquished.

Notes
Turn   | Place    | Note
-------+----------+-------------------------------------------
     0 | D:1      | JeffiDaFish the Spriggan Venom Mage began the quest for the Orb.
     0 | D:1      | Reached XP level 1. HP: 9/9 MP: 5/5
   262 | D:1      | Reached XP level 2. HP: 13/13 MP: 6/6
   267 | D:1      | Learned a level 2 spell: Poisonous Vapours
   306 | D:1      | Slain by a hobgoblin

Action                   || total
-------------------------++-------
Melee: Dagger            ||    32
       Unarmed           ||     6
 Cast: Sting             ||    14
       Poisonous Vapours ||     2
  Use: Scroll            ||     2
 Stab: Sleeping          ||     3
Armor: Robe              ||    11
Dodge: Dodged            ||    53
